 Dungeon Crawl Stone Soup version 0.31-a0-640-g39d97e502b (webtiles) character file.

Game seed: 10605657303596528606

20888 arthad the Fighter (level 12, -6/120 HPs)
             Began as a Gargoyle Fighter on Aug 29, 2023.
             Was a High Priest of Fedhas.
             Mangled by a large slime creature (15 damage)
             ... in an ice cave.
             The game lasted 00:37:41 (13288 turns).

arthad the Fighter (Gargoyle Fighter)              Turns: 13288, Time: 00:37:42

Health: -6/120     AC: 26    Str: 31    XL:     12   Next: 84%
Magic:  0/6        EV:  2    Int:  9    God:    Fedhas [*****.]
Gold:   560        SH:  9    Dex:  9    Spells: 11/11 levels left

rFire   . . .        Z - +10 trident of Watchfulness {antimagic, rC+}
rCold   + . .        k - +3 warlock's mirror {omnireflect}
rNeg    + . .        V - melded +2 scale mail {rC+}
rPois   ∞            n - melded +0 helmet
rElec   .            e - melded +0 cloak
rCorr   .            h - melded +0 pair of gloves
SInv    .            (boots currently unavailable)
Will    .....        J - amulet of guardian spirit
Stlth   +            W - +6 ring of strength
HPRegen 0.40/turn    (no ring)
MPRegen 0.10/turn

%: reflection, guardian spirit
@: tree-form
A: stationary, stasis, torment immunity, boosted hp, sickness immunity, AC +8,
negative energy resistance 1, (electricity resistance), torment resistance 1,
petrification resistance
a: Renounce Religion, Wall of Briars, Grow Ballistomycete, Overgrow, Grow Oklob


You were in an ice cave.
You worshipped Fedhas.
Fedhas was extremely pleased with you.
You were a tree.
You visited 1 branch of the dungeon, and saw 13 of its levels.
You also visited: Ossuary and Ice Cave.

You collected 560 gold pieces.

Inventory:

Hand Weapons
 f - a +7 hand axe
 j - a +1 whip of draining
 K - a +2 mace of holy wrath
 L - a +4 battleaxe of freezing
 R - a +0 bardiche
 X - a -2 demon whip of venom
 Z - the +10 trident of Watchfulness (weapon) {antimagic, rC+}
   (You found it on level 11 of the Dungeon)

   rC+:       It protects you from cold.
Missiles
 E - 28 poisoned darts
 N - 4 atropa-tipped darts
 Q - 5 boomerangs (quivered)
Armour
 c - a +0 buckler
 e - a +0 cloak (melded)
 h - a +0 pair of gloves (melded)
 k - the +3 warlock's mirror (worn) {omnireflect}
   (You acquired it on level 8 of the Dungeon)

   Omnireflect: It can block and reflect piercing ranged attacks and magical
   attacks against the wielder's willpower.
 n - a +0 helmet (melded)
 t - a +3 chain mail
 P - a scarf of invisibility
 V - a +2 scale mail of cold resistance (melded)
Jewellery
 a - a ring of fire
 s - an amulet of faith
 J - an amulet of guardian spirit (around neck)
 W - a +6 ring of strength (left branch)
 Y - a ring of wizardry
Wands
 C - a wand of mindburst (9)
 D - a wand of paralysis (16)
 O - a wand of iceblast (11)
 S - a wand of flame (15)
 T - a wand of light (3)
Scrolls
 g - 2 scrolls of amnesia
 i - a scroll of immolation {unknown}
 l - 2 scrolls of summoning
 m - 2 scrolls of blinking
 o - 2 scrolls of vulnerability
 p - 2 scrolls of poison
 q - 3 scrolls of enchant armour
 u - 4 scrolls of enchant weapon
 x - 10 scrolls of teleportation
 y - 2 scrolls of torment {unknown}
 z - a scroll of fog {unknown}
 H - 2 scrolls of revelation
 I - 2 scrolls of brand weapon {unknown}
Potions
 d - a potion of might
 r - 2 potions of cancellation
 v - 2 potions of lignification
 w - 4 potions of attraction {unknown}
 A - 2 potions of curing
 B - 5 potions of degeneration {unknown}
 F - 3 potions of ambrosia {unknown}
 G - 2 potions of enlightenment
 M - 2 potions of resistance {unknown}
 U - a potion of haste {unknown}


   Skills:
 * Level 11.7 Fighting
 * Level 10.5 Maces & Flails
 + Level 8.9 Armour
 * Level 10.2 Shields
 * Level 11.1 Invocations


You had 11 spell levels left.
You didn't know any spells.
Your spell library contained the following spells:

 Spells                   Type           Power      Damage    Failure   Level
 Necrotise                Necr           0%         1d4       41%         1
 Summon Small Mammal      Summ           0%         N/A       41%         1
 Call Canine Familiar     Summ           0%         N/A       80%         3
 Dazzling Flash           Conj/Hex       0%         N/A       80%         3
 Gell's Gravitas          Tloc           0%         N/A       80%         3
 Ignite Poison            Fire/Tmut/Pois 0%         N/A       80%         3
 Summon Guardian Golem    Hex/Summ       0%         N/A       80%         3
 Teleport Other           Tloc           0%         N/A       80%         3
 Vampiric Draining        Necr           0%         2d6       80%         3
 Volatile Blastmotes      Fire/Tloc      0%         2d10      80%         3
 Agony                    Necr           0%         N/A       100%        5
 Freezing Cloud           Conj/Ice/Air   0%         6-21      100%        5
 Conjure Ball Lightning   Conj/Air       0%         3x3d6     100%        6
 Dispersal                Tloc           0%         N/A       100%        6
 Starburst                Conj/Fire      0%         6d3       100%        6
 Discord                  Hex            0%         N/A       100%        8
 Disjunction              Tloc           0%         N/A       100%        8
 Maxwell's Capacitive Co  Air            0%         ∞         100%        8
 Cigotuvi's Dreadful Rot  Necr/Pois/Air  Unusable   N/A       N/A         2

Dungeon Overview and Level Annotations

Branches:
Dungeon (13/15)            Temple (0/1) D:7            Lair (0/5) D:10
    Orc (0/2) D:11        Ossuary (visited)           IceCv (1/1)
 Vaults: D:13-14

Altars:
Ashenzari
Cheibriados
Fedhas
Gozag
Hepliaklqana
Kikubaaqudgha
Nemelex Xobeh
Qazlal
Ru
Sif Muna
Trog
Uskayaw
Wu Jian

Shops:
D:8 *   D:9 ***   D:10 :

Annotations:
D:9 2 transporters, Selrock's ghost, novice TrMo IceCv exclusion: ice statue


Innate Abilities, Weirdness & Mutations

You are a tree.
Your roots penetrate the ground, keeping you stationary.
You cannot be teleported.
You are immune to unholy pain and torment.
Your maximum health is greatly increased.
Your equipment is partially melded.
You are immune to sickness and miasma.
((Your stone body is resilient. (AC +8)))
You are immune to poison.
You resist negative energy. (rN+)
((You are resistant to electric shocks. (rElec)))
You are resistant to unholy torment.
You are immune to petrification.


Message History

Your +0 cloak melds into your body.
Your +0 helmet melds into your body.
Your +0 pair of gloves melds into your body.
Your +2 scale mail of cold resistance melds into your body.
You feel less resistant to cold.
Your roots penetrate the ground.
The ice beast is no longer blind.
You block the ice beast's attack.
The large slime creature hits you but does no damage.
A large slime creature splits.
You are too injured to fight recklessly!
You puncture the slime creature!
The slime creature is moderately wounded.
The ice beast hits you but does no damage.
The large slime creature hits you but does no damage.
The slime creature hits you!
* * * LOW HITPOINT WARNING * * *
The slime creature hits you.
* * * LOW HITPOINT WARNING * * *
The ice beast hits you but does no damage.
You puncture the slime creature!
The slime creature is heavily wounded.
The slime creature hits you but does no damage.
The large slime creature hits you but does no damage.
The slime creature hits you but does no damage.
You block the ice beast's attack.
You completely miss the slime creature.
The slime creature is heavily wounded.
You block the slime creature's attack. The large slime creature hits you.
* * * LOW HITPOINT WARNING * * *
The slime creature hits you!
* * * LOW HITPOINT WARNING * * *
The ice beast hits you but does no damage.
The slime creature hits you!
* * * LOW HITPOINT WARNING * * *
You block the large slime creature's attack.
The slime creature hits you but does no damage.
You puncture the slime creature!
The slime creature is severely wounded.
The ice beast hits you but does no damage.
The large slime creature hits you!
You die...
Fedhas appreciates your contribution to the ecosystem.

##....####...###....
####...####.......####.
##.....##.....##......##
##.....##....########....
#....###[[)###....####...
#.....######.........##..
#......###.....###8...###
##.....JJY...### ###....#
###....♣JY..# #....
########### .... ..# ##


You could see a large slime creature, 2 slime creatures and 2 ice beasts.

Vanquished Creatures
  An ogre mage (D:10)
  A two-headed ogre (D:8)
  3 boulder beetles
  Nergalle (D:11)
  An ugly thing (D:10)
  A deep elf pyromancer (D:13)
  3 cyclopes
  2 manticores
  A guardian serpent (shapeshifter) (D:10)
  An orange demon (D:11)
  An unseen horror (D:10)
  Psyche (D:10)
  2 gargoyles
  A troll (D:9)
  Grinder (D:3)
  4 slime creatures (IceCv)
  Sigmund (D:4)
  A wyvern (D:8)
  2 wraiths (Ossuary)
  18 yaks
  Eustachio (D:6)
  3 steam dragons
  4 vampire mosquitoes (D:11)
  2 water moccasins
  A sky beast (D:8)
  An orc warrior (D:9)
  A great orb of eyes simulacrum (IceCv)
  2 ice beasts
  3 black bears
  3 centaurs
  3 ogres
  2 bullfrogs
  An elf skeleton (D:4)
  2 gnoll sergeants (D:8)
  3 kobold brigands
  6 scorpions
  3 glowing shapeshifter simulacra (IceCv)
  18 wights
  14 killer bees
  8 howler monkeys
  3 jellies (D:7)
  A human zombie (D:4)
  A gnoll bouda (D:7)
  5 hounds
  4 orc priests
  An iguana (D:7)
  Terence (D:2)
  10 orc wizards
  3 human skeletons (D:4)
  5 shapeshifter simulacra (IceCv)
  Robin (D:2)
  14 gnolls
  8 adders
  A shadow imp (D:6)
  A howler monkey simulacrum (D:10)
  13 white imps
  An adder skeleton (D:2)
  An adder zombie (Ossuary)
  A dart slug (D:5)
  29 orcs
  5 ball pythons
  4 endoplasms
  2 giant cockroaches (D:1)
  11 hobgoblins
  21 kobolds
  4 quokkas
  7 bats
  3 frilled lizards
  A giant cockroach zombie (D:2)
  15 goblins
  A hobgoblin skeleton (Ossuary)
  A hobgoblin zombie (Ossuary)
  A kobold zombie (Ossuary)
  5 orc skeletons
  3 orc zombies
  9 rats
325 creatures vanquished.

Vanquished Creatures (collateral kills)
  A tengu warrior (D:10)
  Amaemon (D:11)
  15 ballistomycete spores
17 creatures vanquished.

Vanquished Creatures (others)
  Frances (D:12)
1 creature vanquished.

Grand Total: 343 creatures vanquished

Notes
Turn   | Place    | Note
-------+----------+-------------------------------------------
     0 | D:1      | arthad the Gargoyle Fighter began the quest for the Orb.
     0 | D:1      | Reached XP level 1. HP: 14/14 MP: 1/1
    97 | D:1      | Reached XP level 2. HP: 19/19 MP: 2/2
   197 | D:1      | Found a faded altar of an unknown god.
   202 | D:1      | Prayed at the altar of an unknown god.
   202 | D:1      | Became a worshipper of Fedhas Madash
   202 | D:1      | Reached * piety under Fedhas
   495 | D:1      | Reached XP level 3. HP: 23/23 MP: 3/3
  1201 | D:2      | Noticed Terence
  1220 | D:2      | Killed Terence
  1220 | D:2      | Reached ** piety under Fedhas
  1221 | D:2      | Reached skill level 1 in Invocations
  1327 | D:2      | Reached XP level 4. HP: 29/29 MP: 5/5
  1374 | D:2      | Noticed Robin
  1384 | D:2      | Killed Robin
  1589 | D:2      | Reached XP level 5. HP: 30/33 MP: 6/6
  2453 | D:3      | Reached *** piety under Fedhas
  2677 | D:3      | Noticed Grinder
  2701 | D:3      | Paralysed by Grinder for 2 turns
  2709 | D:3      | Killed Grinder
  2710 | D:3      | Reached XP level 6. HP: 7/40 MP: 6/8
  3142 | D:4      | Reached skill level 5 in Fighting
  3142 | D:4      | Reached XP level 7. HP: 42/44 MP: 9/9
  3195 | D:4      | Found a sand-covered staircase.
  3201 | Ossuary  | Entered an ossuary
  3429 | Ossuary  | Noticed a flying skull
  3429 | Ossuary  | Noticed a wraith
  3450 | Ossuary  | Noticed a flying skull
  3476 | Ossuary  | Noticed a flying skull
  3477 | Ossuary  | Noticed a flying skull
  3487 | Ossuary  | Noticed a wraith
  3507 | Ossuary  | Killed a wraith
  3634 | Ossuary  | Noticed a wraith
  3662 | Ossuary  | Killed a wraith
  3663 | Ossuary  | Reached XP level 8. HP: 39/51 MP: 11/11
  3719 | Ossuary  | Reached skill level 5 in Armour
  3748 | Ossuary  | Reached skill level 5 in Maces & Flails
  3748 | Ossuary  | Reached skill level 5 in Shields
  3832 | D:4      | Reached skill level 5 in Invocations
  3922 | D:4      | Reached **** piety under Fedhas
  3949 | D:4      | Noticed Sigmund
  3959 | D:4      | Killed Sigmund
  4019 | D:4      | Found a shimmering blue altar of Sif Muna.
  4218 | D:4      | Found an ornate altar of the Wu Jian Council.
  4287 | D:4      | You fall into a shaft and drop 1 floor!
  4287 | D:5      | Entered Level 5 of the Dungeon
  4375 | D:5      | Reached XP level 9. HP: 56/56 MP: 13/13
  5631 | D:6      | Noticed Eustachio
  5640 | D:6      | Killed Eustachio
  5847 | D:6      | Found a snail-covered altar of Cheibriados.
  6039 | D:7      | Reached XP level 10. HP: 64/64 MP: 15/15
  6063 | D:7      | Found a stormy altar of Qazlal.
  6104 | D:7      | Reached ***** piety under Fedhas
  6320 | D:7      | Found a sparkling altar of Nemelex Xobeh.
  6613 | D:7      | Found a broken altar of Ashenzari.
  6649 | D:7      | Found a sacrificial altar of Ru.
  6693 | D:7      | Found a staircase to the Ecumenical Temple.
  6703 | D:7      | Found an opulent altar of Gozag.
  7251 | D:8      | Noticed a two-headed ogre
  7474 | D:8      | Found Toirhum's Lightly-Used Armoury.
  7484 | D:8      | Identified a scroll of acquirement
  7485 | D:8      | Acquired the +3 warlock's mirror {omnireflect}
  7485 | D:8      | Found the +3 warlock's mirror {omnireflect}
  7558 | D:8      | Killed a two-headed ogre
  7763 | D:8      | Found a bloodstained altar of Trog.
  7908 | D:9      | Found a transporter.
  7966 | D:9      | Noticed a gargoyle
  7983 | D:9      | Killed a gargoyle
  8059 | D:9      | Noticed a centaur warrior
  8060 | D:9      | Noticed a two-headed ogre
  8064 | D:9      | Noticed Selrock's ghost (novice TrMo)
  8208 | D:9      | Found a hazy altar of Hepliaklqana.
  8330 | D:9      | Found a transporter.
  8359 | D:9      | Reached XP level 11. HP: 44/71 MP: 12/17
  8484 | D:9      | Found Qimamos's General Store.
  8570 | D:9      | Found Xainle's Specific Store.
  8572 | D:9      | Found Elol's General Store.
  8751 | D:9      | Found a hide-covered altar of Uskayaw.
  8835 | D:10     | Entered Level 10 of the Dungeon
  8852 | D:10     | Noticed a salamander
  8852 | D:10     | Noticed a tengu warrior
  8857 | D:10     | a salamander changed into a cyclops
  8857 | D:10     | Noticed a cyclops (shapeshifter)
  8865 | D:10     | Killed a tengu warrior
  8869 | D:10     | a cyclops changed into a guardian serpent
  8962 | D:11     | Noticed a cyclops
  8963 | D:11     | Noticed Nergalle
  9130 | D:10     | Noticed an ogre mage
  9133 | D:10     | Reached skill level 10 in Fighting
  9148 | D:10     | Noticed a white ugly thing
  9158 | D:10     | Killed an ogre mage
  9173 | D:10     | Killed a white ugly thing
  9254 | D:10     | Noticed Psyche
  9260 | D:10     | Killed Psyche
  9525 | D:10     | Found Zizeahar's Book Shop.
  9724 | D:10     | Noticed a boulder beetle
  9745 | D:10     | Killed a boulder beetle
  9972 | D:10     | Found a staircase to the Lair.
 10041 | D:10     | Reached ****** piety under Fedhas
 10586 | D:11     | Reached skill level 10 in Invocations
 10689 | D:11     | Found a blossoming altar of Fedhas.
 10736 | D:11     | Killed Nergalle
 10737 | D:11     | Reached XP level 12. HP: 25/79 MP: 4/19
 10964 | D:11     | Noticed Amaemon
 11175 | D:11     | Killed Amaemon
 11178 | D:11     | Found a staircase to the Orcish Mines.
 11293 | D:11     | Identified the +10 trident of Watchfulness {antimagic, rC+}
 11522 | D:12     | Reached skill level 10 in Maces & Flails
 11689 | D:12     | Noticed a boulder beetle
 11714 | D:12     | Killed a boulder beetle
 11782 | D:12     | Noticed a boulder beetle
 11802 | D:12     | Killed a boulder beetle
 11908 | D:12     | Noticed Frances
 11917 | D:12     | Noticed a sun demon
 11937 | D:12     | Killed Frances
 12208 | D:12     | Reached skill level 10 in Shields
 12537 | D:12     | Found an ancient bone altar of Kikubaaqudgha.
 12666 | D:13     | Found a frozen archway.
 12793 | IceCv    | Entered an ice cave
 13288 | IceCv    | Mangled by a large slime creature

Illustrated notes

Levels and vault maps discovered:
D:1:      dpeg_arrival_long_road, layout_basic, shapermc_ecumenical_altar_petra,
          minmay_small_reverse_x
D:2:      layout_loops_corners, serial_undead, serial_undead_e, serial_undead_f,
          serial_undead_c, serial_undead_c, lightli_corner_chamber,
          uniq_terence, uniq_robin
D:3:      layout_loops_corners, small_statue_intersection, minivault_5,
          minmay_diced_spiral, uniq_grinder
D:4:      layout_cave_pools, nzn_wu_jian_council_hall, lemuel_blue_sif_altar,
          serial_column_ruins, column_ruins_square_medium,
          column_ruins_corridor_straight, column_ruins_open_medium_water,
          column_ruins_grid_4, column_ruins_grid_4, column_ruins_open_tiny,
          nicolae_ossuary_entry_catacombs, serial_park_tiny_pond, uniq_sigmund
D:5:      layout_loops_corners
D:6:      layout_rooms, mainiacjoe_overflow_alcove_2, uniq_eustachio
D:7:      layout_basic, mainiacjoe_overflow_boulevard, grunt_gozag_breadcrumbs,
          mainiacjoe_overflow_surrounded_room, hangedman_ru_absence,
          grunt_qazlal_sundering, minmay_temple_entry_trees
D:8:      layout_basic, mainiacjoe_overflow_tiny_flanked, minmay_shop_damaged
D:9:      layout_basic, mainiacjoe_overflow_paths, kennysheep_little_box,
          gammafunk_ghost_arena, serial_shops, shop, nicolae_specific_store
D:10:     minmay_diamond_stairs, layout_basic, lair_entry_dummy, serial_shops,
          shop, uniq_psyche
D:11:     layout_rooms, orc_0_dummy, fedhas_altar_1, uniq_nergalle, uniq_amaemon
D:12:     layout_rooms, kiku_gazebo_garden_becter, uniq_frances
D:13:     layout_roguey, portal_ice_cave_entry_imps, minivault_25_ag
IceCv:    ice_cave_hellmonk_azure_passage

Skill      XL: |  1  2  3  4  5  6  7  8  9 10 11 12 |
---------------+-------------------------------------+-----
Invocations    | 1 2 3 4 5 7 8 10 11 | 11.1
Fighting       | 4 5 6 8 9 10 11 | 11.7
Maces & Flails | 3 4 5 7 8 9 10 | 10.5
Armour         | 4 5 6 7 8 |  8.9
Shields        | 4 5 6 7 9 10 | 10.2

Action                     |  1- 3 |  4- 6 |  7- 9 | 10-12 || total
---------------------------+-------+-------+-------+-------++-------
  Melee: Flail             |    67 |       |       |       ||    67
         Whip              |    33 |   170 |    38 |       ||   241
         Hand axe          |       |       |   345 |   521 ||   866
         Demon whip        |       |       |       |   188 ||   188
         Mace              |       |       |       |    72 ||    72
         Trident           |       |       |       |    14 ||    14
  Throw: Dart              |       |       |       |    12 ||    12
         Boomerang         |       |       |       |     9 ||     9
 Invoke: Grow Ballistomyce |       |       |       |     4 ||     4
         Grow Oklob        |       |       |       |     2 ||     2
         Wall of Briars    |       |       |       |     2 ||     2
  Evoke: Wand              |       |       |     6 |     7 ||    13
    Use: Potion            |       |     3 |     1 |     7 ||    11
         Scroll            |       |     1 |       |    13 ||    14
   Stab: Paralysed         |       |       |     7 |     4 ||    11
         Distracted        |       |       |       |     1 ||     1
 Armour: Scale mail        |    49 |    43 |       |     8 ||   100
         Chain mail        |       |    40 |   197 |   526 ||   763
         Skin              |       |       |       |    10 ||    10
  Dodge: Dodged            |    41 |    56 |   140 |   297 ||   534
  Block: Buckler           |    23 |    18 |    70 |   322 ||   433
         Reflection        |       |       |       |     9 ||     9

Table legend: (Time is in decaauts)
 A = Elapsed time spent in this place.
 B = Non-inter-level travel time spent in this place.
 C = Inter-level travel time spent in this place.
 D = Time resting spent in this place.
 E = Time spent auto-exploring this place.
 F = Levels seen in this place.
 G = Mean time per level.
                   A        B        C        D        E       F      G
               +--------+--------+--------+--------+--------+-----+--------+
         Total |  13387 |  12937 |    450 |    545 |   9426 |  15 |  892.5 |
       Dungeon |  12246 |  11796 |    450 |    384 |   8912 |  13 |  942.0 |
       Ossuary |    648 |    648 |      0 |    130 |    263 |   1 |  648.0 |
      Ice Cave |    492 |    492 |      0 |     31 |    251 |   1 |  492.0 |
               +--------+--------+--------+--------+--------+-----+--------+

Top non-repeatable levels by time:
    D:10: 1844 daAuts
     D:7: 1258 daAuts
     D:1: 1120 daAuts
     D:3: 1082 daAuts
    D:12: 1068 daAuts
     D:9: 1002 daAuts
     D:5: 997 daAuts
     D:2: 911 daAuts
    D:11: 765 daAuts
     D:4: 737 daAuts
 Ossuary: 648 daAuts
     D:8: 647 daAuts
     D:6: 623 daAuts
   IceCv: 492 daAuts
    D:13: 186 daAuts
